 Dungeon Crawl Stone Soup version 0.19-a0-1021-g80cc50c (webtiles) character file.

439 ololoev the Chopper (level 6, -1/55 HPs)
             Began as a Deep Dwarf Fighter on July 27, 2016.
             Slain by Menkaure (12 damage)
             ... on level 5 of the Dungeon.
             The game lasted 00:06:03 (957 turns).

ololoev the Chopper (Deep Dwarf Fighter)             Turns: 957, Time: 00:06:03

Health: -1/55      AC: 13    Str: 21    XL:     6   Next: 70%
Magic:  6/6        EV:  7    Int:  9    God:
Gold:   108        SH:  9    Dex: 12    Spells: 0 memorised, 5 levels left

rFire  . . .     SeeInvis .     a - +0 war axe
rCold  . . .     Gourm    .     t - +0 chain mail
rNeg   . . .     Faith    .     c - +0 shield
rPois  .         Spirit   .     o - +2 helmet
rElec  .         Dismiss  .     (no cloak)
rCorr  .         Reflect  .     (no gloves)
SustAt .         Harm     .     (no boots)
MR     .....                    (no amulet)
Stlth  ..........               (no ring)
                                (no ring)

@: non-regenerating, not resistant to hostile enchantments, extremely unstealthy
A: damage resistance, recharge devices, sense surroundings 1, slow regeneration
3
a: Device Recharging


Innate Abilities, Weirdness & Mutations

You are resistant to damage.
You can recharge devices by infusing magical energy.
You passively map a small area around you.
You do not regenerate naturally.

Inventory:

Hand Weapons
 a - a +0 war axe (weapon)
Armour
 b - a +0 scale mail
 c - a +0 shield (worn)
 o - a +2 helmet (worn)
 t - a +0 chain mail (worn)
Wands
 e - a wand of heal wounds (2/9)
Scrolls
 g - 2 scrolls of magic mapping {unknown}
 h - 2 scrolls of remove curse {unknown}
 k - 2 scrolls of teleportation {unknown}
 l - 2 scrolls of identify {unknown}
 m - 3 scrolls of immolation {unknown}
 w - a scroll of enchant armour {unknown}
Potions
 d - a potion of heal wounds {unknown}
 j - 3 potions of curing {unknown}
 n - 2 potions of brilliance {unknown}
 q - a potion of might
 r - a potion of cure mutation {unknown}
 u - a potion of cancellation {unknown}
 x - a potion of flight {unknown}
Comestibles
 f - a bread ration
 i - 3 fruits
 p - 2 meat rations
 s - a beef jerky
 v - a chunk of flesh


   Skills:
 - Level 2.6 Fighting
 * Level 5.9 Axes
 + Level 4.9 Armour
 + Level 3.5 Dodging
 - Level 3.2 Shields


You had 5 spell levels left.
You didn't know any spells.


You were on level 5 of the Dungeon.
You were not hungry.

You visited 2 branches of the dungeon, and saw 6 of its levels.

You collected 108 gold pieces.

##......... , ##. * ,
......... , #.. *
#.>..##.#######.#
#.........#.....
#.........#.....
#.........#..... *
#.........#.....
######...........####
#..M@.......>..### #
......####.........#
##### #.........# ,
########### , ,

Notes
Turn   | Place    | Note
-------+----------+-------------------------------------------
     0 | D:1      | ololoev the Deep Dwarf Fighter began the quest for the Orb.
     0 | D:1      | Reached XP level 1. HP: 20/20 MP: 1/1
    48 | D:1      | Reached XP level 2. HP: 27/27 MP: 2/2
   167 | D:2      | Reached skill level 1 in Dodging
   173 | D:2      | Reached skill level 3 in Axes
   221 | D:2      | Reached XP level 3. HP: 25/33 MP: 3/3
   383 | D:3      | Noticed Purgy
   394 | D:3      | Killed Purgy
   394 | D:3      | Reached skill level 4 in Axes
   394 | D:3      | Reached XP level 4. HP: 34/40 MP: 4/4
   422 | D:4      | Reached XP level 5. HP: 39/46 MP: 5/5
   488 | D:4      | Reached skill level 5 in Axes
   533 | D:5      | Entered Level 5 of the Dungeon
   656 | D:4      | Noticed Xiguana's ghost (amateur DDFi)
   676 | D:4      | Killed Xiguana's ghost
   676 | D:4      | Reached XP level 6. HP: 48/55 MP: 6/6
   687 | D:3      | Found a glowing golden altar of the Shining One.
   687 | D:3      | Found a shadowy altar of Dithmenos.
   690 | D:3      | Found a glowing silver altar of Zin.
   765 | D:5      | Noticed Prince Ribbit
   826 | D:5      | Found a staircase to the Ecumenical Temple.
   836 | Temple   | Entered the Ecumenical Temple
   942 | D:5      | Noticed Menkaure
   957 | D:5      | Slain by Menkaure

Dungeon Overview and Level Annotations

Branches:
Dungeon (5/15)             Temple (1/1) D:5

Altars:
Ashenzari
Cheibriados
Dithmenos
Elyvilon
Gozag
Kikubaaqudgha
Nemelex Xobeh
Pakellas
Ru
Sif Muna
Trog
Uskayaw
Vehumet
Xom
Zin
The Shining One

Annotations:
D:5 Menkaure, Prince Ribbit


Message History

The quokka bites you but does no damage.
You block the quokka's attack. The quokka barely misses you.
You block the quokka's attack.
Found a hide-covered altar of Uskayaw.
Found a bloodstained altar of Trog.
Found a shattered altar of Ashenzari.
Found a shimmering altar of Xom.
The quokka bites you but does no damage.
You block the quokka's attack. The quokka barely misses you.
The quokka closely misses you.
Found a sacrificial altar of Ru.
Found a snail-covered altar of Cheibriados.
The quokka bites you but does no damage.
The quokka bites you but does no damage.
You block the quokka's attack.
The quokka bites you but does no damage.
Found a deep blue altar of Sif Muna.
You block the quokka's attack.
Found a white marble altar of Elyvilon.
Found a sparkling altar of Nemelex Xobeh.
Found a radiant altar of Vehumet.
You block the quokka's attack. The quokka closely misses you.
The quokka bites you but does no damage.
You block the quokka's attack. The quokka closely misses you.
Found an opulent altar of Gozag.
You block the quokka's attack.
Found an oddly glowing altar of Pakellas.
Found an ancient bone altar of Kikubaaqudgha.
You closely miss the quokka. The quokka closely misses you.
You hit the quokka but do no damage. The quokka bites you.
The quokka bites you but does no damage.
You closely miss the quokka.
The quokka bites you but does no damage.
You are feeling hungry.
You barely miss the quokka. You block the quokka's attack.
The quokka completely misses you.
You slash the quokka!
You kill the quokka!
You see here a quokka corpse.
You butcher the quokka corpse.
v - 2 chunks of flesh
(D) Dungeon (T) Temple
Where to? (Enter - D:4 @ (x,y), ? - help) Eating one of 2 chunks of flesh.
You start eating one of the 2 chunks of flesh.
You continue eating. x2
You finish eating.
This raw flesh tastes terrible.
There is a staircase back to the Dungeon here.
You climb upwards.
Welcome back to the Dungeon!
Level annotation: Prince Ribbit
There is a staircase to the Ecumenical Temple here.
w - a scroll labeled OGOTRYNEGA
There is a staircase to the Ecumenical Temple here.
Found a pink potion.
You now have 108 gold pieces (gained 10).
Menkaure, Prince of Dust comes into view.
Menkaure shouts!
Menkaure calls on the powers of darkness!
Your body is wracked with pain!
You see here a pink potion.
x - a pink potion Evoke which item? (* to show all) (? for menu, Esc to quit)
Zapping:
e - a wand of heal wounds (3/9)
Press: ? - help, Shift-Dir - straight line, f - you You feel much better.
This wand has 2 charges left.
Menkaure casts a spell at you. You resist with significant effort.
Menkaure casts a spell.
Menkaure seems to speed up.
You barely miss Menkaure. Menkaure barely misses you.
Menkaure closely misses you.
You barely miss Menkaure. Menkaure hits you!
Your shield prevents you from hitting Menkaure.
You block Menkaure's attack. Menkaure hits you!
You barely miss Menkaure. Menkaure hits you.
You hit Menkaure but do no damage. Menkaure hits you!
You die...

You could see Menkaure.

Vanquished Creatures
  The ghost of Xiguana the Shield-Bearer, an amateur DDFi (D:4)
  Purgy (D:3)
  3 hounds (D:4)
  An orc wizard (D:4)
  A hound skeleton (D:4)
  An adder (D:5)
  An adder skeleton (D:4)
  3 worms
  A dart slug (D:4)
  A giant gecko (D:4)
  2 orcs
  5 bats
  2 giant cockroaches
  2 goblins (D:2)
  3 hobgoblins
  8 jackals
  3 quokkas
  3 giant newts
  9 kobolds
  3 rats
54 creatures vanquished.

Action                   |  1- 3 |  4- 6 || total
-------------------------+-------+-------++-------
Melee: War axe           |    96 |    74 ||   170
Evoke: Wand              |     1 |     2 ||     3
  Use: Potion            |     1 |     1 ||     2
  Eat: Chunk             |       |     1 ||     1
Armor: Scale mail        |    61 |    27 ||    88
       Chain mail        |       |    15 ||    15
Dodge: Dodged            |    49 |    27 ||    76
Block: Shield            |    61 |    36 ||    97

Vault maps used:
D:1:      sevenhm_arrival_forest_fort_large_4
D:2:      uniq_iyjb
D:3:      nicolae_overflow_hidden_temple, minmay_misc_feat_iff,
          kennysheep_generic_room_6, uniq_purgy, uniq_grinder, uniq_sigmund,
          uniq_jessica
D:4:      minmay_bent
D:5:      first_bread, uniq_prince_ribbit1, uniq_edmund, uniq_menkaure
Temple:   jpeg_temple_clearing
